[Event "December 19 Late 2023"]
[Site "https://www.chess.com"]
[Date "2023.12.19"]
[Round "9"]
[White "Keymer, Vincent"]
[Black "Drygalov, Sergey"]
[Result "1-0"]
[Board "7"]
[TimeControl "180+1"]
[WhiteFideId "12940690"]
[BlackFideId "24171743"]
[WhiteElo "2629"]
[BlackElo "2504"]
[WhiteTeam "GER"]
[BlackTeam "RUS"]
[WhiteClock "0:00:20"]
[BlackClock "0:00:00"]

1. Nf3 c5 2. b3 d6 3. Bb2 e5 4. d3 Nf6 5. g3 Nc6 6. Bg2 g6 7. O-O Bg7 8. c4 O-O 9. Nc3 h6 10. a3 Be6 11. Rc1 Rb8 12. Nd2 a6 13. Nd5 Qd7 14. f4 Nh7 15. e3 b5 16. Bc3 f5 17. h3 Ne7 18. Kh2 Rbe8 19. Qc2 Nxd5 20. cxd5 Bf7 21. e4 Nf6 22. fxe5 dxe5 23. Qb2 Nh5 24. Bf3 f4 25. Bxh5 fxg3+ 26. Kxg3 gxh5 27. b4 Bxd5 28. exd5 Qxd5 29. Qb3 c4 30. dxc4 Qd3+ 31. Kh2 Kh8 32. cxb5 Rd8 33. Qd1 Qg6 34. Qe2 Rd3 35. Rxf8+ Bxf8 36. Rg1 1-0

[Event "December 19 Late 2023"]
[Site "https://www.chess.com"]
[Date "2023.12.19"]
[Round "9"]
[White "Kamsky, Gata"]
[Black "Paravyan, David"]
[Result "1-0"]
[Board "8"]
[TimeControl "180+1"]
[WhiteFideId "2000024"]
[BlackFideId "4194985"]
[WhiteElo "2660"]
[BlackElo "2566"]
[WhiteTeam "USA"]
[BlackTeam "FID"]
[WhiteClock "0:01:35"]
[BlackClock "0:00:01"]

1. d4 d5 2. Bf4 c5 3. e3 Nc6 4. c3 Nf6 5. Nd2 Bf5 6. Qb3 Qd7 7. a4 e6 8. Ngf3 Nh5 9. Ne5 Nxe5 10. Bxe5 c4 11. Qd1 f6 12. Bg3 Nxg3 13. hxg3 Qc7 14. b3 cxb3 15. Qxb3 Be7 16. c4 dxc4 17. Bxc4 Kf7 18. e4 Bg4 19. f3 Qxg3+ 20. Kf1 Qf4 21. Ke2 Rhd8 22. Qe3 Qg3 23. Rag1 f5 24. fxg4 Qxe3+ 25. Kxe3 Bg5+ 26. Kd3 Bxd2 27. gxf5 Bf4 28. Bxe6+ Ke7 29. Rxh7 Be5 30. Bd5 Bf6 31. g4 Kd6 32. g5 1-0

[Event "December 19 Late 2023"]
[Site "https://www.chess.com"]
[Date "2023.12.19"]
[Round "9"]
[White "Caruana, Fabiano"]
[Black "Durarbayli, Vasif"]
[Result "1-0"]
[Board "9"]
[TimeControl "180+1"]
[WhiteFideId "2020009"]
[BlackFideId "13402935"]
[WhiteElo "2815"]
[BlackElo "2551"]
[WhiteTeam "USA"]
[BlackTeam "AZE"]
[WhiteClock "0:00:05"]
[BlackClock "0:00:00"]

1. d4 d5 2. c4 c6 3. Nf3 Nf6 4. Nc3 e6 5. e3 Nbd7 6. Be2 Bd6 7. O-O O-O 8. a4 Ne4 9. Qc2 f5 10. a5 Rf6 11. a6 Rh6 12. g3 g5 13. axb7 Bxb7 14. c5 Bc7 15. Nxe4 fxe4 16. Ne1 e5 17. Ng2 Bc8 18. f3 exf3 19. Bxf3 e4 20. Bg4 Nf6 21. Bxc8 Qxc8 22. Qf2 Qh3 23. Ne1 a5 24. Qg2 Ng4 25. Rf5 Bd8 26. b4 Qxh2+ 27. Qxh2 Rxh2 28. bxa5 Re2 29. Ng2 Rc2 30. a6 h6 31. Rf1 Ra7 32. Ra4 1-0

[Event "December 19 Late 2023"]
[Site "https://www.chess.com"]
[Date "2023.12.19"]
[Round "9"]
[White "Bortnyk, Mykola"]
[Black "Livaic, Leon"]
[Result "1-0"]
[Board "10"]
[TimeControl "180+1"]
[WhiteFideId "14120836"]
[BlackFideId "14531534"]
[WhiteElo "2592"]
[BlackElo "2541"]
[WhiteTeam "UKR"]
[BlackTeam "CRO"]
[WhiteClock "0:00:56"]
[BlackClock "0:00:13"]

1. e4 e6 2. d4 d5 3. Nc3 Bb4 4. exd5 exd5 5. Bd3 Nc6 6. Be3 Nge7 7. Ne2 Bf5 8. O-O O-O 9. Nf4 Qd7 10. h3 Bxc3 11. bxc3 Na5 12. Rb1 c6 13. Re1 Rae8 14. Qf3 Nc4 15. Nh5 Bg6 16. Bg5 f6 17. Bf4 b5 18. Ng3 Nc8 19. h4 Rxe1+ 20. Rxe1 Re8 21. Ra1 N4b6 22. h5 Bxd3 23. cxd3 h6 24. Rc1 Ne7 25. Bxh6 gxh6 26. Qxf6 Qg4 27. Re1 Nbc8 28. Nf5 Nxf5 29. Rxe8+ Kh7 30. Rh8# 1-0

[Event "December 19 Late 2023"]
[Site "https://www.chess.com"]
[Date "2023.12.19"]
[Round "9"]
[White "Dourerassou, Jonathan"]
[Black "Makarian, Rudik"]
[Result "0-1"]
[Board "11"]
[TimeControl "180+1"]
[WhiteFideId "628050"]
[BlackFideId "44105681"]
[WhiteElo "2499"]
[BlackElo "2540"]
[WhiteTeam "FRA"]
[BlackTeam "FID"]
[WhiteClock "0:00:01"]
[BlackClock "0:00:08"]

1. d4 g6 2. e4 Bg7 3. Nc3 d6 4. Be3 a6 5. Qd2 e6 6. Nf3 Ne7 7. Bh6 Bxh6 8. Qxh6 Ng8 9. Qe3 b5 10. e5 Bb7 11. Ne4 Nd7 12. O-O-O Bxe4 13. Qxe4 d5 14. Qf4 h6 15. h4 Qe7 16. Rh3 Nb6 17. Nd2 h5 18. Ra3 Nc4 19. Bxc4 bxc4 20. Nf3 Nh6 21. Ng5 Nf5 22. f3 Rb8 23. Rxa6 Qb4 24. b3 Qc3 25. Kb1 cxb3 26. cxb3 Rxb3+ 27. axb3 Qxb3+ 28. Kc1 Qc3+ 29. Kb1 Qb3+ 30. Kc1 Qc4+ 31. Kd2 Qxa6 32. Ke1 Qa2 33. Rd2 Qa1+ 34. Kf2 O-O 35. g4 Ng7 36. Rc2 Qa5 37. Kg2 Qb6 38. Qd2 Qa7 39. Rc5 Rb8 40. Qf4 Rf8 41. Qe3 Qa2+ 42. Kg3 Qa7 43. Qc3 Qa4 44. Rxc7 Qd1 45. Rc8 Qg1+ 46. Kh3 Qh1+ 47. Kg3 Qg1+ 48. Kf4 Ne8 49. Qc6 Qh2+ 50. Ke3 Qxh4 51. Nxe6 Qe1+ 52. Kf4 Qd2+ 53. Kg3 Qe1+ 54. Kf4 fxe6+ 55. Kg5 Qe3+ 56. Kxg6 Qd3+ 57. Kg5 Qe3+ 58. Kg6 Qd3+ 59. Kg5 Qxf3 60. Qxe6+ Qf7 61. Qxf7+ Kxf7 62. Rc6 hxg4 63. Kxg4 Ke7 64. Ra6 Kd7 65. Ra7+ Kc6 66. Ra6+ Kb5 67. e6 Nc7 68. Rd6 Re8 69. e7 Rxe7 70. Kf5 Kc4 71. Kf6 Re1 72. Rc6+ Kxd4 73. Rxc7 Kd3 74. Kf5 d4 75. Ra7 Kc4 76. Rc7+ Kd3 77. Rh7 Kc3 78. Rc7+ Kd2 79. Ra7 d3 80. Ra2+ Kc3 81. Ra3+ Kc2 82. Ra2+ Kb3 83. Rh2 Re2 84. Rh3 Kc2 85. Rh8 d2 86. Rc8+ Kd1 87. Kf4 Ke1 88. Rd8 d1=Q 0-1

[Event "December 19 Late 2023"]
[Site "https://www.chess.com"]
[Date "2023.12.19"]
[Round "9"]
[White "Mikaelyan, Arman"]
[Black "Khismatullin, Denis"]
[Result "1-0"]
[Board "12"]
[TimeControl "180+1"]
[WhiteFideId "13304852"]
[BlackFideId "4142578"]
[WhiteElo "2445"]
[BlackElo "2552"]
[WhiteTeam "ARM"]
[BlackTeam "RUS"]
[WhiteClock "0:00:07"]
[BlackClock "0:00:00"]

1. d4 d5 2. c4 e6 3. Nf3 Nf6 4. Nc3 Nbd7 5. g3 c6 6. Bg2 dxc4 7. a4 Bb4 8. O-O O-O 9. Qc2 a5 10. e4 e5 11. dxe5 Ng4 12. e6 Nde5 13. exf7+ Rxf7 14. Nxe5 Nxe5 15. Rd1 Qe7 16. Be3 Bg4 17. Ne2 b5 18. axb5 cxb5 19. Rd5 Nf3+ 20. Kh1 Rd8 21. Nf4 Rxd5 22. Nxd5 Qe5 23. Nxb4 Qh5 24. h4 axb4 25. Ra8+ Rf8 26. Rxf8+ Kxf8 27. Qd1 Qe5 28. Bxf3 Bxf3+ 29. Qxf3+ Kg8 30. Qf5 Qe8 31. Qd5+ Kh8 32. Bd4 h6 33. Kg2 b3 34. Bc3 Kh7 35. Qf5+ Kg8 36. h5 Kh8 37. Qd5 Kh7 38. f3 Kh8 39. g4 Kh7 40. Qf5+ Kg8 41. Qg6 Qe7 42. Qc6 Qg5 43. Qd5+ Qxd5 44. exd5 Kf7 45. f4 Ke7 46. Kf3 Kd6 47. Ke4 Kc5 48. Bd4+ Kd6 49. Bxg7 Kd7 50. Bc3 Kd6 51. g5 Kc5 52. Bd4+ Kd6 53. gxh6 b4 54. h7 1-0

[Event "December 19 Late 2023"]
[Site "https://www.chess.com"]
[Date "2023.12.19"]
[Round "9"]
[White "Wieczorek, Oskar"]
[Black "Tari, Aryan"]
[Result "0-1"]
[Board "13"]
[TimeControl "180+1"]
[WhiteFideId "1133950"]
[BlackFideId "1510045"]
[WhiteElo "2407"]
[BlackElo "2577"]
[WhiteTeam "POL"]
[BlackTeam "NOR"]
[WhiteClock "0:00:00"]
[BlackClock "0:00:07"]

1. e4 e5 2. Nf3 Nc6 3. Nc3 Nf6 4. h3 d5 5. exd5 Nxd5 6. Bb5 Nxc3 7. bxc3 Bd6 8. O-O O-O 9. d4 exd4 10. cxd4 h6 11. c4 Bf5 12. Bb2 Na5 13. c5 Be7 14. Re1 Bf6 15. Ne5 c6 16. Bf1 Re8 17. Qf3 Be6 18. Bd3 g6 19. Bc3 Bg7 20. Qg3 Bd5 21. h4 b6 22. Re3 Re6 23. Rae1 Qf6 24. h5 g5 25. Bxa5 bxa5 26. Be4 Bxe4 27. Rxe4 Rd8 28. Ng4 Qf5 29. Rxe6 fxe6 30. Qc7 Rf8 31. f3 Bxd4+ 32. Kh2 Bg7 33. Qxc6 Qf4+ 34. Kh1 Qg3 35. Qxe6+ Kh8 36. Qe4 Rf4 37. Qe8+ Rf8 38. Qd7 Qh4+ 39. Kg1 Qxe1+ 40. Kh2 Qh4+ 41. Kg1 Qe1+ 42. Kh2 Be5+ 43. Nxe5 Qxe5+ 44. Kh3 Qf5+ 45. Qxf5 Rxf5 0-1

[Event "December 19 Late 2023"]
[Site "https://www.chess.com"]
[Date "2023.12.19"]
[Round "9"]
[White "Grigoriants, Sergey"]
[Black "Rustemov, Alexander"]
[Result "1-0"]
[Board "14"]
[TimeControl "180+1"]
[WhiteFideId "4130804"]
[BlackFideId "4119002"]
[WhiteElo "2532"]
[BlackElo "2799"]
[WhiteTeam "HUN"]
[BlackTeam "RUS"]
[WhiteClock "0:00:08"]
[BlackClock "0:00:00"]

1. d4 d5 2. c4 c6 3. Nc3 Nf6 4. e3 a6 5. Nf3 b5 6. b3 Bg4 7. Bd2 e6 8. h3 Bxf3 9. Qxf3 Bd6 10. Bd3 O-O 11. Qe2 Nbd7 12. O-O Qe7 13. c5 Bc7 14. f4 a5 15. a3 Rfb8 16. Nd1 Ne4 17. Bxe4 dxe4 18. g4 f5 19. Be1 a4 20. b4 Qf7 21. Bh4 Bd8 22. Bxd8 Rxd8 23. Kh2 Nf6 24. Nc3 g6 25. Rg1 Kf8 26. Qf2 Ke7 27. Qh4 Kd7 28. gxf5 exf5 29. d5 Nxd5 30. Nxd5 cxd5 31. Rad1 Kc6 32. Rd4 Rd7 33. Rgd1 Rad8 34. R1d2 Qe7 35. Qxe7 Rxe7 36. h4 h6 37. Rg2 Rg7 38. Rg3 g5 39. Rd1 Rdg8 40. Rdg1 d4 41. exd4 Kd5 42. hxg5 hxg5 43. Rxg5 Rh8+ 44. Kg3 Rgh7 45. Rxf5+ Kxd4 46. Rg5 Rh3+ 47. Kg4 e3 48. Rd1+ Kc3 49. Re5 R8h4+ 50. Kf5 Rf3 51. Re1 Rhxf4+ 52. Ke6 Rf6+ 53. Kd5 Kd2 54. Ra1 R6f5 55. c6 Rxe5+ 56. Kxe5 e2 57. c7 Rf8 58. Kd6 e1=Q 59. Rxe1 Kxe1 60. Kd7 Kd2 61. Kc6 Kc3 62. Kxb5 Kb3 63. Kc6 Kxa3 64. b5 Kb4 65. b6 Rf6+ 66. Kd5 Rxb6 67. c8=Q Rb5+ 68. Kd4 a3 69. Qc3+ Ka4 70. Qc2+ Kb4 71. Qa2 Ka4 72. Kc4 Rb2 73. Qa1 Rb4+ 74. Kc3 Rb3+ 75. Kc4 Rb2 76. Qd1+ Ka5 77. Qd8+ Ka6 78. Qa8+ Kb6 79. Qxa3 Rb5 80. Qd6+ Ka5 81. Qd8+ Ka6 82. Qa8+ Kb6 83. Qb8+ Kc6 84. Qxb5+ Kd6 85. Qd5+ Ke7 86. Kc5 1-0

[Event "December 19 Late 2023"]
[Site "https://www.chess.com"]
[Date "2023.12.19"]
[Round "9"]
[White "Martinez Ramirez, Lennis"]
[Black "Dardha, Daniel"]
[Result "1-0"]
[Board "15"]
[TimeControl "180+1"]
[WhiteFideId "3509079"]
[BlackFideId "240990"]
[WhiteElo "2405"]
[BlackElo "2568"]
[WhiteTeam "CUB"]
[BlackTeam "BEL"]
[WhiteClock "0:00:04"]
[BlackClock "0:00:00"]

1. e3 Nf6 2. Nf3 d5 3. d4 Bf5 4. Be2 e6 5. Nh4 Be4 6. f3 Bg6 7. c4 dxc4 8. Nxg6 hxg6 9. Bxc4 Bd6 10. h3 Bg3+ 11. Ke2 Nbd7 12. Nc3 Bd6 13. g4 c6 14. h4 b5 15. Bb3 a6 16. e4 e5 17. h5 exd4 18. Qxd4 Be5 19. Qd1 gxh5 20. g5 Ng8 21. Be3 Ne7 22. f4 Bxc3 23. bxc3 Qc7 24. Qd4 O-O-O 25. Bxf7 Nf6 26. Qb6 Nxe4 27. Be6+ Rd7 28. Qxa6+ Kb8 29. Bxd7 Qxd7 30. Qb6+ Kc8 31. Qa6+ Kb8 32. Qb6+ Kc8 33. Rhg1 Nxc3+ 34. Kf3 Qd5+ 35. Kf2 Ne4+ 36. Kf1 Qd3+ 37. Kg2 Qe2+ 38. Kh3 Qf3+ 39. Kh2 Qe2+ 40. Rg2 Qc4 41. Rc1 Nd5 42. Rxc4 Nxb6 43. Rxc6+ Kd7 44. Rxb6 Re8 45. Rxb5 Kc6 46. Re5 Rxe5 47. fxe5 Kd5 48. a4 Nc3 49. a5 Kxe5 50. a6 Nd5 51. Bf2 1-0

[Event "December 19 Late 2023"]
[Site "https://www.chess.com"]
[Date "2023.12.19"]
[Round "9"]
[White "Solon, Nathan"]
[Black "Rasulov, Vugar"]
[Result "0-1"]
[Board "16"]
[TimeControl "180+1"]
[WhiteFideId "2017229"]
[BlackFideId "13402390"]
[WhiteElo "2684"]
[BlackElo "2517"]
[WhiteTeam "USA"]
[BlackTeam "AZE"]
[WhiteClock "0:00:00"]
[BlackClock "0:00:14"]

1. d4 Nf6 2. Bf4 b6 3. Nc3 Bb7 4. f3 e6 5. e4 d5 6. Qd3 Ba6 7. Qe3 Bxf1 8. Kxf1 dxe4 9. fxe4 Be7 10. Nf3 O-O 11. Rd1 Qc8 12. h3 c5 13. d5 exd5 14. exd5 Re8 15. Qd3 Nbd7 16. g4 c4 17. Qd4 Qa6 18. d6 Bf8 19. Kg2 b5 20. a3 Qc6 21. Rhe1 a5 22. Nd5 Rxe1 23. Nxe1 Re8 24. Nf3 Re4 25. Nxf6+ Nxf6 26. Qd2 Nd7 27. Kg3 b4 28. axb4 axb4 29. Qxb4 h6 30. h4 Nf6 31. Qd2 Re6 32. Qd4 Ne4+ 33. Kg2 Nxd6 34. Qd5 Qb6 35. Ne5 Qxb2 36. Rd2 c3 37. Rf2 Qb5 38. Qxb5 Nxb5 0-1

[Event "December 19 Late 2023"]
[Site "https://www.chess.com"]
[Date "2023.12.19"]
[Round "9"]
[White "Assylov, Miras"]
[Black "Popov, Konstantin"]
[Result "0-1"]
[Board "17"]
[TimeControl "180+1"]
[WhiteFideId "13728873"]
[BlackFideId "34137910"]
[WhiteElo "1991"]
[BlackElo "2340"]
[WhiteTeam "KAZ"]
[BlackTeam "FID"]
[WhiteClock "0:00:00"]
[BlackClock "0:00:18"]

1. b3 Nf6 2. Bb2 g6 3. Bxf6 exf6 4. c4 Bg7 5. Nc3 f5 6. Rc1 O-O 7. e3 f4 8. Nge2 fxe3 9. dxe3 b6 10. Nd5 Bb7 11. Ng3 c6 12. Nf4 d5 13. Be2 d4 14. e4 c5 15. Nd5 Nc6 16. O-O Nb4 17. Qd2 h5 18. Rfe1 h4 19. Nf1 Re8 20. Bf3 Nc6 21. g3 Kh7 22. Rcd1 Bh6 23. Qb2 Ne5 24. Bg2 Bg7 25. Qc1 Kg8 26. Qf4 a6 27. Qxh4 Qxh4 28. gxh4 b5 29. Nc7 bxc4 30. bxc4 Bh6 31. Nxa8 Bxa8 32. Nd2 Nd3 33. Rf1 Nf4 34. Bf3 d3 35. Nb3 Bf8 36. Nc1 Rd8 37. Rd2 Bh6 38. Rdd1 Rd4 39. Nb3 Rxc4 40. Rfe1 Rc3 41. Nc1 c4 42. Rd2 Nh3+ 43. Kg2 Bxd2 44. Rd1 Bxc1 45. Kxh3 Bh6 46. Kg4 Rc2 47. e5 Bxf3+ 48. Kxf3 Rxa2 49. h5 gxh5 0-1

[Event "December 19 Late 2023"]
[Site "https://www.chess.com"]
[Date "2023.12.19"]
[Round "9"]
[White "mightysmasher"]
[Black "Beerdsen, Thomas"]
[Result "1/2-1/2"]
[Board "18"]
[TimeControl "180+1"]
[BlackFideId "1030108"]
[WhiteElo "2566"]
[BlackElo "2550"]
[BlackTeam "NED"]
[WhiteClock "0:00:05"]
[BlackClock "0:00:12"]

1. e4 e5 2. Nf3 Nc6 3. d4 exd4 4. Nxd4 Nf6 5. Nc3 Nxe4 6. Nxe4 Qe7 7. f3 d5 8. Nxc6 bxc6 9. Bd3 dxe4 10. fxe4 Qh4+ 11. g3 Qh3 12. Qf3 Bg4 13. Qf2 Bd6 14. Bf4 O-O 15. Qf1 Qh5 16. Qf2 Rab8 17. O-O Rxb2 18. Bxd6 cxd6 19. Qxa7 Be2 20. Rf2 Bxd3 21. cxd3 Rxf2 22. Qxf2 Ra8 23. Rb1 h6 24. Rc1 c5 25. Rf1 Qg6 26. Kh1 Qe6 27. Ra1 c4 28. dxc4 Qxc4 29. Qg2 Ra4 30. h4 h5 31. Qf3 g6 32. a3 Kf8 33. Re1 Qc5 34. Rf1 Qc4 35. Kh2 Ra7 36. Rf2 Kg8 37. Qe3 Re7 38. Rf4 Qc2+ 39. Kh3 Qd1 40. Kh2 Qb1 41. Kg2 Rb7 42. Kh2 Rb3 43. Qd4 Rb2+ 44. Rf2 Rxf2+ 45. Qxf2 Qxe4 46. Qd2 d5 47. a4 d4 48. a5 d3 49. a6 Qe2+ 50. Qxe2 dxe2 51. a7 e1=Q 52. a8=Q+ Kg7 53. Qf3 Qd2+ 54. Kg1 Qd4+ 55. Kg2 Kg8 56. Qe2 Kf8 57. Kh3 Qd7+ 58. Kh2 Qe7 59. Qb2 Qe3 60. Qb8+ Kg7 61. Qb1 Kf6 62. Qb2+ Qe5 63. Qf2+ Ke6 64. Qb6+ Ke7 65. Qb7+ Ke8 66. Qa8+ Ke7 67. Qb7+ Kf8 68. Qb3 Kg7 69. Qf3 Kg8 70. Kg1 Qc7 71. Qd3 Kg7 72. Qd4+ Kh7 73. Qd3 Kh6 74. Kg2 Qb7+ 75. Kh2 Qb2+ 76. Kg1 Qc1+ 77. Kg2 Qc8 78. Qe3+ Kh7 79. Qd3 Qe6 80. Qf3 Kg7 81. Qc3+ Qf6 82. Qe3 Qa1 83. Kh2 Qb2+ 84. Kg1 Qa2 85. Kf1 f6 86. Qe7+ Qf7 87. Qe3 Qb7 88. Kg1 Kf7 89. Kh2 Qe7 90. Qb3+ Qe6 91. Qb7+ Qe7 92. Qb3+ Kg7 93. Qd3 Qe5 94. Qd7+ Kh6 95. Qd2+ g5 96. hxg5+ fxg5 97. Qc2 h4 98. Qf2 Qd6 99. Qf3 Kg6 100. Qe4+ Kf6 101. Qf3+ Kg7 102. Qg4 Kh6 103. Kg1 hxg3 104. Kg2 Qd2+ 105. Kxg3 Qe1+ 106. Kh2 Kg6 107. Qg2 Kf5 108. Qf3+ Ke5 109. Qg3+ Qxg3+ 110. Kxg3 Ke4 111. Kg4 Ke5 112. Kxg5 1/2-1/2

[Event "December 19 Late 2023"]
[Site "https://www.chess.com"]
[Date "2023.12.19"]
[Round "9"]
[White "Adla, Diego"]
[Black "Ibarra Jerez, Jose Carlos"]
[Result "1-0"]
[Board "19"]
[TimeControl "180+1"]
[WhiteFideId "100072"]
[BlackFideId "2226332"]
[WhiteElo "2377"]
[BlackElo "2634"]
[WhiteTeam "ARG"]
[BlackTeam "ESP"]
[WhiteClock "0:00:18"]
[BlackClock "0:00:02"]

1. c4 e5 2. Nc3 Nf6 3. Nf3 d6 4. d4 e4 5. Nd2 Qe7 6. e3 Bf5 7. b4 h5 8. Bb2 g6 9. Qb3 Bg7 10. h3 O-O 11. Be2 c5 12. bxc5 dxc5 13. d5 Nbd7 14. a4 Ne5 15. a5 Rfe8 16. Nb5 Qd7 17. Bc3 a6 18. Na3 Qd6 19. Qb2 h4 20. Nb3 Nfd7 21. Nb1 Qf6 22. N3d2 Qg5 23. Bf1 Rab8 24. Ra3 b5 25. axb6 Rxb6 26. Rb3 Reb8 27. Rxb6 Rxb6 28. Qc1 Nd3+ 29. Bxd3 exd3 30. Kf1 Qh5 31. Bxg7 Qe2+ 32. Kg1 Kxg7 33. Nc3 Qh5 34. e4 Ne5 35. exf5 Qxf5 36. Nce4 Qf4 37. Qc3 Kh6 38. d6 f5 39. d7 Rb8 40. Nxc5 Nf7 41. Ne6 Qe5 42. Qxe5 Nxe5 43. d8=Q Rxd8 44. Nxd8 1-0

[Event "December 19 Late 2023"]
[Site "https://www.chess.com"]
[Date "2023.12.19"]
[Round "9"]
[White "Zakhartsov, Vladimir"]
[Black "Ang, Ern Jie Anderson"]
[Result "0-1"]
[Board "20"]
[TimeControl "180+1"]
[WhiteFideId "4145097"]
[BlackFideId "5736200"]
[WhiteElo "2448"]
[BlackElo "1941"]
[WhiteTeam "RUS"]
[BlackTeam "MAS"]
[WhiteClock "0:00:02"]
[BlackClock "0:00:04"]

1. d4 d5 2. c4 c6 3. Nf3 Nf6 4. Nbd2 Bf5 5. Nh4 Bg4 6. Qb3 Qb6 7. Qxb6 axb6 8. h3 Bh5 9. g4 Bg6 10. Nxg6 hxg6 11. Bg2 e6 12. e3 Nbd7 13. Ke2 Bb4 14. b3 Bc3 15. Rb1 Rxa2 16. Kd3 Bxd2 17. Bxd2 O-O 18. Ra1 Rfa8 19. Rxa2 Rxa2 20. Rd1 Kf8 21. f4 c5 22. g5 dxc4+ 23. Kxc4 Ne8 24. dxc5 Nxc5 25. Bf3 Rc2+ 26. Kb5 Nd6+ 27. Kxb6 Nd7+ 28. Ka5 Ke8 29. Kb4 Nc5 30. Ka3 Nd3 31. Ba5 Nb5+ 32. Ka4 Nc3+ 33. Bxc3 Rxc3 34. Bxb7 Nc5+ 35. Kb4 Rxb3+ 36. Kxc5 Rxb7 37. Ra1 Ke7 38. Kd4 f6 39. h4 Rb4+ 40. Kd3 Rb7 41. Ke4 Kf7 42. Kf3 Rc7 43. Ra6 Rb7 44. Rc6 Ra7 45. Kg4 Rb7 46. Rc3 Ra7 47. h5 gxh5+ 48. Kxh5 g6+ 49. Kh6 f5 50. Rd3 Rb7 51. Rd4 Ra7 52. e4 fxe4 53. Rxe4 Ra1 54. f5 Rh1+ 55. Rh4 Rxh4# 0-1

[Event "December 19 Late 2023"]
[Site "https://www.chess.com"]
[Date "2023.12.19"]
[Round "9"]
[White "Zhigalko, Sergei"]
[Black "Pulpan, Jakub"]
[Result "0-1"]
[Board "21"]
[TimeControl "180+1"]
[WhiteFideId "13502956"]
[BlackFideId "302759"]
[WhiteElo "2616"]
[BlackElo "2501"]
[WhiteTeam "BLR"]
[BlackTeam "CZE"]
[WhiteClock "0:00:00"]
[BlackClock "0:00:10"]

1. e4 e5 2. Nf3 Nc6 3. Bc4 Be7 4. O-O Nf6 5. d3 O-O 6. Nbd2 d6 7. c3 a6 8. Bb3 Be6 9. Re1 Qd7 10. d4 Bxb3 11. Qxb3 Na5 12. Qc2 Nc6 13. b3 Rfe8 14. Bb2 Bf8 15. Rad1 Rad8 16. h3 Qc8 17. c4 Nd7 18. Nf1 g6 19. Ne3 Bg7 20. Nd5 Nf8 21. c5 Ne6 22. cxd6 cxd6 23. dxe5 dxe5 24. Rc1 Qb8 25. Red1 Ned4 26. Bxd4 exd4 27. Re1 Qd6 28. Qd2 f5 29. Nb6 fxe4 30. Ng5 Ne5 31. Nc4 Nxc4 32. Rxc4 Bh6 33. h4 b5 34. Rcc1 Qe5 35. Rcd1 Bxg5 36. hxg5 Rd5 37. g3 e3 38. Qe2 Qxg5 39. Kg2 Rf5 40. f3 Ref8 41. Rf1 Qf6 42. f4 g5 43. Qg4 Kh8 44. fxg5 Qc6+ 45. Kg1 Rxf1+ 46. Rxf1 Rxf1+ 47. Kxf1 Qh1+ 48. Ke2 Qg2+ 49. Kd3 Qd2+ 50. Ke4 Qc2+ 51. Kxd4 Qd2+ 52. Ke4 Qb4+ 53. Kf3 Qxg4+ 54. Kxg4 e2 55. g6 e1=Q 0-1

[Event "December 19 Late 2023"]
[Site "https://www.chess.com"]
[Date "2023.12.19"]
[Round "9"]
[White "Manolache, Marius"]
[Black "Szpar, Milosz"]
[Result "0-1"]
[Board "22"]
[TimeControl "180+1"]
[WhiteFideId "1201530"]
[BlackFideId "1184989"]
[WhiteElo "2364"]
[BlackElo "2446"]
[WhiteTeam "ROU"]
[BlackTeam "POL"]
[WhiteClock "0:00:26"]
[BlackClock "0:00:06"]

1. d4 d5 2. c4 e6 3. Nc3 Nf6 4. cxd5 exd5 5. Bg5 c6 6. e3 Be6 7. Bd3 Nbd7 8. Nge2 h6 9. Bf4 g5 10. Bg3 Nh5 11. Qc2 Nxg3 12. hxg3 Qf6 13. f3 O-O-O 14. O-O-O Kb8 15. Kb1 Rc8 16. Qd2 a6 17. g4 Bd6 18. Rc1 Ka7 19. a3 c5 20. dxc5 Bxc5 21. Bc2 Nb6 22. Bd3 Rhd8 23. Rhd1 Qe5 24. Nd4 Bxd4 25. exd4 Qxd4 26. Qe1 Qg7 27. Qf2 d4 28. Ne2 Rxc1+ 29. Rxc1 Qe5 30. Be4 d3 31. Nc3 Rd4 32. Rd1 Bc4 33. Rd2 Kb8 34. Qe3 Nd5 35. Nxd5 Bxd5 36. Rxd3 Bxe4 37. fxe4 Rxe4 38. Qb6 Re1+ 39. Ka2 Qe6+ 40. Qxe6 Rxe6 41. Rd7 Rf6 42. g3 Kc8 43. Re7 Rf3 44. b4 Rxg3 45. Rxf7 Rxg4 46. Rh7 Rh4 47. Kb3 g4 48. Rg7 h5 49. Kc4 Rh3 50. Kc5 Rc3+ 51. Kb6 Rc6+ 52. Ka7 Rh6 53. Rg8+ Kc7 54. Rg7+ Kc6 55. a4 h4 56. Rxg4 h3 57. Rc4+ Kd5 58. Rc1 h2 59. Rh1 Kc6 60. Rc1+ Kd7 61. Rh1 Kc6 62. Rc1+ Kd5 63. Rh1 Rh7 64. Kb6 Kc4 65. b5 axb5 66. axb5 Kb4 67. Rb1+ Ka4 68. Ra1+ Kb3 69. Rb1+ Kc2 70. Rh1 Kd3 71. Rd1+ Ke2 72. Rh1 Kd3 73. Rd1+ Ke4 74. Re1+ Kf3 75. Ra1 Kg2 76. Ra2+ Kg3 77. Ra1 Rg7 78. Rb1 Kf4 79. Rh1 Kg3 80. Rb1 Kh3 81. Rd1 Rg1 82. Rd8 Kg4 83. Rh8 h1=Q 84. Rxh1 Rxh1 85. Kxb7 Kf5 86. b6 Ke6 87. Kc6 Rc1+ 88. Kb5 Kd7 89. Ka6 Ra1+ 90. Kb7 Ra2 91. Kb8 Rb2 92. b7 Kc6 93. Ka8 Ra2+ 94. Kb8 Rh2 95. Ka8 Ra2+ 96. Kb8 Kb6 97. Kc8 Rc2+ 98. Kb8 Rh2 99. Ka8 Ra2+ 100. Kb8 Ra7 101. Kc8 Rxb7 0-1

[Event "December 19 Late 2023"]
[Site "https://www.chess.com"]
[Date "2023.12.19"]
[Round "9"]
[White "Gubajdullin, Alexei"]
[Black "Yeletsky, Ivan"]
[Result "1-0"]
[Board "23"]
[TimeControl "180+1"]
[WhiteFideId "4141202"]
[BlackFideId "24180327"]
[WhiteElo "2274"]
[BlackElo "2379"]
[WhiteTeam "RUS"]
[BlackTeam "RUS"]
[WhiteClock "0:00:21"]
[BlackClock "0:00:00"]

1. e4 c5 2. Nf3 d6 3. Nc3 Nf6 4. g3 Nc6 5. Bg2 g6 6. O-O Bg7 7. d4 Bg4 8. d5 Ne5 9. a4 O-O 10. Re1 Nfd7 11. Qe2 f5 12. Qe3 Nxf3+ 13. Bxf3 Bd4 14. Qe2 Bxf3 15. Qxf3 fxe4 16. Qxe4 Bxf2+ 17. Kg2 Bxe1 18. Qxe1 Nf6 19. Bh6 Rf7 20. Qe2 Qd7 21. h3 Qf5 22. g4 Qd7 23. Re1 b6 24. Rf1 Re8 25. Qe6 a6 26. g5 Qd8 27. Ne4 b5 28. gxf6 exf6 29. Nxf6+ Qxf6 30. Qxe8+ 1-0

[Event "December 19 Late 2023"]
[Site "https://www.chess.com"]
[Date "2023.12.19"]
[Round "9"]
[White "Srinath, Rao S.V."]
[Black "FontVella8"]
[Result "0-1"]
[Board "24"]
[TimeControl "180+1"]
[WhiteFideId "5028876"]
[WhiteElo "2198"]
[BlackElo "2811"]
[WhiteTeam "IND"]
[WhiteClock "0:00:00"]
[BlackClock "0:00:32"]

1. e4 c6 2. Nc3 d5 3. Qf3 dxe4 4. Nxe4 Nf6 5. Bc4 Nbd7 6. Ne2 Ne5 7. Nxf6+ exf6 8. Qe4 Be7 9. Bb3 O-O 10. d4 Ng4 11. O-O Re8 12. Ng3 Bc5 13. dxc5 Rxe4 14. Nxe4 Qd4 15. Nd6 Qxc5 16. Nxf7 Kf8 17. Bf4 Ne5 18. Nxe5 fxe5 19. Be3 Qe7 20. f4 Be6 21. fxe5+ Kg8 22. c4 a5 23. Rf4 a4 24. Bc2 h6 25. Raf1 b5 26. cxb5 cxb5 27. a3 Rc8 28. Bb1 Bc4 29. Re1 Qxe5 30. Bf5 Re8 31. Bd2 Qc5+ 32. Rf2 Rxe1+ 33. Bxe1 Qe3 34. Bc3 Qc1+ 0-1

[Event "December 19 Late 2023"]
[Site "https://www.chess.com"]
[Date "2023.12.19"]
[Round "9"]
[White "Colbow, Collin"]
[Black "Postny, Evgeny"]
[Result "0-1"]
[Board "25"]
[TimeControl "180+1"]
[WhiteFideId "16201132"]
[BlackFideId "2804344"]
[WhiteElo "2321"]
[BlackElo "2505"]
[WhiteTeam "GER"]
[BlackTeam "ISR"]
[WhiteClock "0:00:00"]
[BlackClock "0:00:06"]

1. e4 c5 2. Nf3 Nc6 3. d4 cxd4 4. Nxd4 g6 5. Nc3 Bg7 6. Be3 Nf6 7. Bc4 O-O 8. Bb3 d6 9. h3 Bd7 10. O-O Rc8 11. Re1 Na5 12. Qd3 Nxb3 13. axb3 a6 14. Nde2 Bc6 15. Bd4 e5 16. Be3 d5 17. exd5 Nxd5 18. Nxd5 Qxd5 19. Qxd5 Bxd5 20. c4 Bc6 21. Nc3 Rfd8 22. Red1 f6 23. Bb6 Rxd1+ 24. Rxd1 Kf7 25. f3 Bf8 26. Ne4 Ke6 27. Kf2 h6 28. Nc5+ Ke7 29. Ne4 Bxe4 30. fxe4 Ke6 31. Rd5 f5 32. Kf3 Be7 33. Be3 h5 34. Bd2 Rf8 35. Bc3 fxe4+ 36. Kxe4 Rf4+ 37. Ke3 Bd6 38. Rd2 Rf1 39. Re2 Kf5 40. b4 Rf4 41. c5 Bc7 42. Kd3 e4+ 43. Kc4 g5 44. Kd5 g4 45. hxg4+ Rxg4 46. c6 bxc6+ 47. Kxc6 Be5 48. Kb7 Rg7+ 49. Kxa6 Rg6+ 50. Kb5 Bf4 51. Kc4 h4 52. b5 Rg7 53. b6 Rd7 54. Kb5 Rd5+ 55. Kc6 Rd6+ 56. Kb5 Rd5+ 57. Ka6 Rd6 58. Ka7 Rd7+ 59. b7 e3 60. Bb4 Rd8 61. Bc5 Ke4 62. Bxe3 Bxe3+ 63. Rxe3+ Kxe3 64. b8=Q Rxb8 65. Kxb8 Kf2 66. b4 Kxg2 67. b5 h3 68. b6 h2 69. b7 h1=Q 0-1